 Dungeon Crawl Stone Soup version 0.21.1-1-g345015fe64 (webtiles) character file.

2872 Lavandula the Transmogrifier (level 9, 0/62 HPs)
             Began as a Barachi Earth Elementalist on July 9, 2018.
             Was a Believer of Cheibriados.
             Slain by Shavain's ghost (15 damage)
             ... on level 8 of the Dungeon on July 10, 2018.
             The game lasted 00:23:30 (3784 turns).

Lavandula the Transmogrifier (BaEE)                 Turns: 3784, Time: 00:23:31

Health: 0/62       AC:  4    Str: 18    XL:     9   Next: 76%
Magic:  17/19      EV: 12    Int: 23    God:    Cheibriados [**....]
Gold:   223        SH:  0    Dex: 17    Spells: 0/21 levels left

rFire    . . .     SeeInvis .     - Blade Hands
rCold    . . .     Gourm    .   (shield currently unavailable)
rNeg     . . .     Faith    .   h - +0 leather armour
rPois    .         Spirit   .   (no helmet)
rElec    .         Reflect  .   y - +0 cloak
rCorr    +         Harm     .   (gloves currently unavailable)
MR       .....                  (no boots)
Stlth    ++........             (no amulet)
HPRegen  0.20/turn              l - ring of resist corrosion
MPRegen  0.16/turn              J - +5 ring of strength

@: blade hands, can't hop, very slow
A: +LOS, swims, slowness 1, strong legs 1
a: Hop, End Transformation, Bend Time, Renounce Religion


You were on level 8 of the Dungeon.
You worshipped Cheibriados.
Cheibriados was pleased with you.
You were hungry.
You had blades for hands.
You visited 1 branch of the dungeon, and saw 8 of its levels.

You collected 223 gold pieces.

Inventory:

Hand Weapons
 i - a +0 whip
 n - a +0 hand axe
 u - a +0 falchion
Missiles
 b - 38 stones (quivered)
 m - a throwing net
Armour
 a - a +0 chain mail
 c - a +0 robe
 h - a +0 leather armour (worn)
 r - a cursed +0 ring mail
 y - a +0 cloak (worn)
 A - a cursed +0 chain mail
Jewellery
 l - a ring of resist corrosion (left scythe-like blade)
 p - an uncursed ring of fire
 J - a +5 ring of strength (right scythe-like blade)
Wands
 v - a wand of flame (24)
 G - a wand of paralysis (12)
 H - a wand of random effects (16)
 I - a wand of digging (12)
 L - a wand of scattershot (6)
Scrolls
 g - 5 scrolls of teleportation
 s - 2 scrolls of magic mapping
 t - 3 scrolls of remove curse
 w - a scroll of enchant weapon {unknown}
 x - a scroll of amnesia {unknown}
 z - a scroll of noise
 E - a scroll of fear {unknown}
 F - a scroll of enchant armour {unknown}
Potions
 f - a potion of flight {unknown}
 j - a potion of heal wounds
 k - 3 potions of haste
 o - a potion of degeneration {unknown}
 q - a potion of curing
 B - a potion of agility {unknown}
 D - a potion of brilliance {unknown}
Books
 e - a book of Geomancy

   Spells                             Type                      Level
   a - Sandblast                      Earth                        1
   b - Passwall                       Transmutation/Earth          2
   c - Stone Arrow                    Conjuration/Earth            3
   d - Petrify                        Transmutation/Earth          4
   e - Lee's Rapid Deconstruction     Earth                        5
 C - a book of Changes

   Spells                             Type                      Level
   a - Beastly Appendage              Transmutation                1
   b - Sticks to Snakes               Transmutation                2
   c - Spider Form                    Transmutation/Poison         3
   d - Ice Form                       Ice/Transmutation            4
   e - Blade Hands                    Transmutation                5
Comestibles
 d - 16 rations


   Skills:
 - Level 2.4 Fighting
 - Level 2.1 Dodging
 - Level 1.7 Stealth
 + Level 0.9 Unarmed Combat
 - Level 6.7 Spellcasting
 - Level 9.5 Transmutations
 - Level 7.1 Earth Magic
 - Level 2.8 Evocations


You couldn't memorise any spells.
You knew the following spells:

 Your Spells              Type           Power        Failure   Level  Hunger
a - Sandblast             Erth           #####.       12%         1    None
b - Stone Arrow           Conj/Erth      ###...       36%         3    None
c - Petrify               Tmut/Erth      #####...     26%         4    ###....
d - Lee's Rapid Deconstr  Erth           #####.....   54%         5    #####..
e - Spider Form           Tmut/Pois      ####......   30%         3    None
f - Blade Hands           Tmut           ######....   32%         5    #####..


Dungeon Overview and Level Annotations

Branches:
Dungeon (8/15)             Temple (0/1) D:7
   Lair: D:8-11

Altars:
Cheibriados
Dithmenos
Fedhas
Kikubaaqudgha
Makhleb
Okawaru

Shops:
D:4 %   D:7 =

Annotations:
D:8 Shavain's ghost, amateur FoFi


Innate Abilities, Weirdness & Mutations

Shadows flee at your approach. (+LOS)
You can swim through water.
You cover ground slowly.
You can hop short distances.


Message History

Evoke which item? (* to show all) (? for menu, Esc to quit)
Okay, then.
You slash Shavain's ghost!
Shavain's ghost is moderately damaged.
Shavain's ghost hits you but does no damage.
You hit Shavain's ghost but do no damage.
Shavain's ghost is moderately damaged.
Shavain's ghost hits you!
You slash Shavain's ghost!
Shavain's ghost is heavily damaged.
Shavain's ghost hits you!
You slash Shavain's ghost!
Shavain's ghost is severely damaged.
Shavain's ghost barely misses you.
Okay, then.
Your legs are too worn out to hop.
Shavain's ghost hits you!
* * * LOW HITPOINT WARNING * * *
Shavain's ghost hits you!
You die...

# #.............#
.# ##.....>..P....#
.. #.........###..#
..##...P..P..#.#..#
#.........P....#..#
#.........#....#.##
##.......##.._.#.#
##.##....#....#W#
#.###PPP.....#@#
#.# #..P.P.#.#.#
##.####...PP###.#
##...######P.....#
#.....## #####.#
...##..# ..# .##
##.## .## # ##.## .
#..#####..#


You could see Shavain's ghost.

Vanquished Creatures
  Pikel (D:7)
  4 hogs (D:7)
  A human (D:7)
  Duvessa (D:5)
  An orc warrior (D:6)
  A slave (D:7)
  A sky beast (D:6)
  4 ogres
  3 centaurs
  A big kobold (D:7)
  A bullfrog (D:6)
  Dowan (D:5)
  3 scorpions
  A howler monkey (D:4)
  A bullfrog zombie (D:8)
  A hound (D:8)
  An orc priest (D:6)
  4 orc wizards
  An iguana (D:4)
  Ijyb (D:3)
  2 worker ants
  2 worker ant zombies
  9 adders
  An adder skeleton (D:4)
  A worm (D:3)
  2 dart slugs
  8 leopard geckos
  22 orcs
  6 giant cockroaches
  6 goblins
  3 hobgoblins
  10 jackals
  9 kobolds
  2 quokkas (D:3)
  3 ball pythons
  A bat (D:3)
  4 frilled lizards
  A jackal zombie (D:7)
  2 leopard gecko skeletons (D:4)
  A leopard gecko zombie (D:5)
  A quokka skeleton (D:5)
  4 rats
133 creatures vanquished.

Notes
Turn   | Place    | Note
-------+----------+-------------------------------------------
     0 | D:1      | Lavandula the Barachi Earth Elementalist began the quest for the Orb.
     0 | D:1      | Reached XP level 1. HP: 13/13 MP: 3/3
   214 | D:2      | Reached XP level 2. HP: 15/19 MP: 3/5
   359 | D:2      | Reached XP level 3. HP: 15/24 MP: 4/8
   364 | D:2      | Learned a level 3 spell: Stone Arrow
   667 | D:4      | Reached XP level 4. HP: 30/30 MP: 1/10
   846 | D:3      | Reached XP level 5. HP: 20/35 MP: 3/11
  1018 | D:3      | Learned a level 4 spell: Petrify
  1054 | D:3      | Found a shadowy altar of Dithmenos.
  1077 | D:4      | Reached skill level 1 in Fighting
  1184 | D:4      | Reached skill level 5 in Spellcasting
  1184 | D:4      | Reached XP level 6. HP: 38/46 MP: 0/13
  1219 | D:4      | Learned a level 5 spell: Lee's Rapid Deconstruction
  1325 | D:5      | Entered Level 5 of the Dungeon
  1383 | D:5      | Reached skill level 5 in Earth Magic
  1440 | D:5      | Noticed Duvessa
  1440 | D:5      | Noticed Dowan
  1449 | D:5      | Killed Duvessa
  1449 | D:5      | Reached XP level 7. HP: 32/51 MP: 6/14
  1451 | D:5      | Killed Dowan
  1810 | D:4      | Found Salappaw's Food Emporium.
  1892 | D:4      | Learned a level 3 spell: Spider Form
  2065 | D:3      | Noticed Ijyb
  2073 | D:3      | Killed Ijyb
  2073 | D:3      | Reached skill level 1 in Evocations
  2279 | D:3      | Found a snail-covered altar of Cheibriados.
  2285 | D:3      | Became a worshipper of Cheibriados the Contemplative
  2582 | D:6      | Reached XP level 8. HP: 49/57 MP: 7/15
  2611 | D:6      | Reached skill level 2 in Transmutations
  2620 | D:6      | Reached skill level 3 in Transmutations
  2694 | D:6      | Reached skill level 4 in Transmutations
  2873 | D:7      | Found a burning altar of Makhleb.
  2898 | D:7      | Reached skill level 5 in Transmutations
  2923 | D:7      | Reached skill level 6 in Transmutations
  2953 | D:7      | Found a staircase to the Ecumenical Temple.
  3068 | D:7      | Reached * piety under Cheibriados
  3134 | D:7      | Found Ysmellet's Jewellery Emporium.
  3162 | D:7      | Reached skill level 7 in Transmutations
  3204 | D:7      | Reached XP level 9. HP: 37/62 MP: 13/16
  3208 | D:7      | Reached skill level 8 in Transmutations
  3214 | D:7      | Reached skill level 9 in Transmutations
  3322 | D:8      | Noticed Shavain's ghost (amateur FoFi)
  3344 | D:7      | Reached ** piety under Cheibriados
  3345 | D:7      | Noticed Pikel
  3362 | D:7      | HP: 3/62 [Pikel/whip of freezing (4)]
  3364 | D:7      | Killed Pikel
  3601 | D:7      | Learned a level 5 spell: Blade Hands
  3652 | D:8      | Found an iron altar of Okawaru.
  3652 | D:8      | Found a blossoming altar of Fedhas.
  3749 | D:8      | Found an ancient bone altar of Kikubaaqudgha.
  3784 | D:8      | Slain by Shavain's ghost

Skill      XL: |  1  2  3  4  5  6  7  8  9 |
---------------+----------------------------+-----
Spellcasting   | 3 4 5 6 |  6.7
Earth Magic    | 4 5 7 |  7.1
Fighting       | 2 |  2.4
Evocations     | 2 |  2.8
Transmutations | 7 9 |  9.5
Dodging        | |  2.1
Stealth        | |  1.7
Unarmed Combat | |  0.9

Action                   |  1- 3 |  4- 6 |  7- 9 || total
-------------------------+-------+-------+-------++-------
Melee: Unarmed           |    14 |       |    62 ||    76
       Whip              |     4 |     8 |       ||    12
       Dagger            |       |    72 |       ||    72
       Falchion          |       |       |    13 ||    13
 Cast: Sandblast         |    39 |    77 |    77 ||   193
       Lee's Rapid Decon |       |       |     7 ||     7
       Stone Arrow       |       |       |     5 ||     5
       Spider Form       |       |       |     4 ||     4
       Blade Hands       |       |       |     2 ||     2
 Abil: Hop               |     2 |     4 |     4 ||    10
Evoke: Wand              |       |       |     3 ||     3
  Use: Scroll            |       |     5 |     2 ||     7
       Potion            |       |     1 |     1 ||     2
 Stab: Sleeping          |       |       |     1 ||     1
  Eat: Chunk             |       |     2 |     7 ||     9
       Ration            |       |       |     1 ||     1
Armor: Leather armour    |     1 |     6 |    29 ||    36
       Robe              |     3 |    10 |       ||    13
       Skin              |       |       |     2 ||     2
Dodge: Dodged            |    24 |    57 |   108 ||   189
       Rpst.: Falchion   |       |     1 |     4 ||     5
